 Dungeon Crawl Stone Soup version 0.29-a0-542-g075992c915 (webtiles) character file.

Game seed: 5594824391442797544

82572 Bruhh the Worldbinder (level 15, -8/103 HPs)
             Began as a Barachi Summoner on June 4, 2022.
             Was the Champion of Hepliaklqana.
             Killed by an exploding bloated husk (39 damage)
             ... on level 2 of the Swamp.
             The game lasted 00:54:29 (30173 turns).

Bruhh the Worldbinder (Barachi Summoner)           Turns: 30173, Time: 00:54:29

Health: -8/103     AC:  9    Str: 17    XL:     15   Next: 74%
Magic:  42/42      EV: 11    Int: 26    God:    Hepliaklqana [******]
Gold:   789        SH: 11    Dex: 12    Spells: 9/43 levels left

rFire   . . .      SeeInvis .   y - +2 trident
rCold   + . .      Faith    .   H - +2 buckler
rNeg    . . .      Spirit   .   I - +0 troll leather armour
rPois   .          Reflect  +   A - +2 helmet
rElec   .          Harm     .   G - scarf {+Inv}
rCorr   .          Rampage  .   (no gloves)
Will    +....                   (no boots)
Stlth   +++.......              v - amulet of reflection
HPRegen 1.07/turn               r - ring of magical power
MPRegen 0.28/turn               Y - ring of Kias Tut {*Slow rC+ Str+6 Int+4 Stlth+}

@: slowed, very slow
A: reduced essence, amphibious, slowness 1, strong legs 2, +LOS
a: Hop, Renounce Religion, Evoke Invisibility, Recall Ancestor, Ancestor
Identity, Transference, Idealise


You were on level 2 of the Swamp.
You worshipped Hepliaklqana.
Hepliaklqana was exalted by your worship.
You visited 5 branches of the dungeon, and saw 24 of its levels.

You collected 2022 gold pieces.
You spent 1233 gold pieces at shops.

Inventory:

Hand Weapons
 h - a +1 trident
 m - a +1 spear
 y - a +2 trident (weapon)
Armour
 k - a +0 robe of resistance
 A - a +2 helmet (worn)
 E - a +0 kite shield
 G - a scarf of invisibility (worn)
 H - a +2 buckler (worn)
 I - a +0 troll leather armour (worn)
 P - the +1 leather armour "Deri" {Will+}
   (You found it on level 3 of the Lair of Beasts)

   Will:      It increases your willpower.
Magical Staves
 f - a staff of air
Jewellery
 p - a +6 ring of dexterity
 r - a ring of magical power (left hand)
 v - an amulet of reflection (around neck)
 R - a +6 ring of intelligence
 Y - the ring of Kias Tut (right hand) {*Slow rC+ Str+6 Int+4 Stlth+}
   (You bought it in a shop on level 2 of the Orcish Mines)

   [ring of strength]

   Str:       It affects your strength (+6).
   Int:       It affects your intelligence (+4).
   rC:        It protects you from cold.
   *Slow:     It may slow you when you take damage.
   Stlth:     It makes you more stealthy.
Wands
 u - a wand of paralysis (9)
 w - a wand of flame (39)
 O - a wand of mindburst (6)
 S - a wand of iceblast (2)
Scrolls
 a - 3 scrolls of immolation
 c - 3 scrolls of fog
 e - 2 scrolls of torment
 q - 4 scrolls of amnesia
 t - a scroll of enchant armour
 B - 4 scrolls of magic mapping
 D - 4 scrolls of enchant weapon
 L - 6 scrolls of teleportation
 N - 2 scrolls of poison
 Q - 4 scrolls of identify
 X - 2 scrolls of fear
Potions
 b - a potion of magic
 d - 3 potions of lignification
 g - 7 potions of curing
 i - a potion of resistance
 l - 2 potions of mutation
 o - 4 potions of berserk rage
 s - 7 potions of attraction
 z - 3 potions of cancellation
 C - 4 potions of might
 K - 3 potions of brilliance
 M - 2 potions of haste
 U - a potion of invisibility
 V - a potion of heal wounds
Miscellaneous
 J - a condenser vane


   Skills:
 - Level 10.0 Fighting
 - Level 10.0 Armour
 - Level 2.1 Dodging
 - Level 1.7 Stealth
 - Level 2.1 Shields
 + Level 14.9 Spellcasting
 + Level 21.8 Summonings
 - Level 4.0 Air Magic
 - Level 7.0 Invocations


You had 9 spell levels left.
You knew the following spells:

 Your Spells              Type           Power      Damage    Failure   Level
a - Summon Small Mammal   Summ           100%       N/A       0%          1
b - Call Imp              Summ           93%        N/A       0%          2
c - Call Canine Familiar  Summ           93%        N/A       0%          3
d - Summon Lightning Spi  Summ/Air       72%        N/A       1%          4
e - Summon Ice Beast      Ice/Summ       66%        N/A       1%          4
f - Monstrous Menagerie   Summ           46%        N/A       1%          7
g - Summon Mana Viper     Hex/Summ       66%        N/A       1%          5
h - Summon Horrible Thin  Summ           46%        N/A       3%          8

Your spell library contained the following spells:

 Spells                   Type           Power      Damage    Failure   Level
 Shock                    Conj/Air       100%       1d9       1%          1
 Summon Guardian Golem    Hex/Summ       66%        N/A       1%          3
 Swiftness                Air            40%        N/A       2%          3
 Poisonous Vapours        Pois/Air       58%        N/A       3%          2
 Static Discharge         Conj/Air       29%        N/A       3%          2
 Beastly Appendage        Tmut           38%        N/A       4%          1
 Freeze                   Ice            76%        1d9       4%          1
 Sting                    Tmut/Pois      76%        1d6       4%          1
 Blink                    Tloc           38%        N/A       7%          2
 Ensorcelled Hibernation  Hex/Ice        38%        N/A       7%          2
 Passwall                 Tmut/Erth      15%        N/A       7%          2
 Wereblood                Tmut           19%        N/A       7%          2
 Mephitic Cloud           Conj/Pois/Air  26%        N/A       8%          3
 Airstrike                Air            20%        N/A       9%          4
 Frozen Ramparts          Ice            38%        1d5       13%         3
 Gell's Gravitas          Tloc           19%        N/A       13%         3
 Lesser Beckoning         Tloc           19%        N/A       13%         3
 Spider Form              Tmut/Pois      19%        N/A       13%         3
 Teleport Other           Tloc           19%        N/A       13%         3
 Malign Gateway           Summ/Tloc      33%        N/A       38%         7
 Spellforged Servitor     Conj/Summ      33%        N/A       38%         7
 Cause Fear               Hex            9%         N/A       41%         4
 Dispel Undead            Necr           19%        3d11      41%         4
 Hailstorm                Conj/Ice       19%        3d6       41%         4
 Olgreb's Toxic Radiance  Pois           19%        N/A       41%         4
 Sticky Flame             Conj/Fire      19%        2d4       41%         4
 Dragon's Call            Summ           46%        N/A       50%         9
 Alistair's Intoxication  Tmut/Pois      12%        N/A       77%         5
 Irradiate                Conj/Tmut      9%         3d16      77%         5
 Manifold Assault         Tloc           19%        N/A       77%         5
 Yara's Violent Unravell  Hex/Tmut       9%         3d6       77%         5
 Dragon Form              Tmut           9%         N/A       100%        7
 Storm Form               Tmut/Air       14%        N/A       100%        7


Dungeon Overview and Level Annotations

Branches:
Dungeon (13/15)            Temple (1/1) D:7            Lair (6/6) D:11
  Swamp (2/4) Lair:3        Snake (0/4) Lair:3        Slime (0/5) Lair:6
    Orc (2/2) D:12            Elf (0/3) Orc:2        Vaults (0/5) D:13

Altars:
Ashenzari
Cheibriados
Dithmenos
Elyvilon
Hepliaklqana
Kikubaaqudgha
Nemelex Xobeh
Ru
Trog
Uskayaw
Yredelemnul
Zin
Beogh
Lugonu

Shops:
D:3 *   D:12 *   Orc:2 =?[?

Portals:
Abyss: Lair:6

Annotations:
D:5 3 runed translucent doors, shaman420's ghost, novice OpHu
D:8 1 runed translucent door
D:9 3 runed translucent doors, blade888's ghost, journeyman OpIE
Lair:5 3 runed translucent doors, Meag's ghost, journeyman DjFE
Lair:6 1 runed translucent door, Bruhh's ghost, journeyman BaSu


Innate Abilities, Weirdness & Mutations

Your life essence is reduced to manifest your ancestor. (-10% HP)
You are amphibious.
You cover ground slowly.
You can hop long distances.
You have an extended range of vision and can be seen from far away.


Message History

Done exploring.
Done exploring.
Press: ? - help, v - describe, . - travel The floor.
There is a stone staircase leading down here.
You swap places.
There is a stone staircase leading down here.
You climb downwards.
The six-headed hydra roars!
Found 24 gold pieces, a robe and a small marble ring.
Found an escape hatch in the ceiling.
Found two stone staircases leading up.
There is a stone staircase leading up here.
You climb upwards.
There is a stone staircase leading down here.
Unknown command.
You climb downwards.
There is a stone staircase leading up here.
The bloated husk explodes!
The blast of putrescent gases engulfs the vampire mosquito!!
The vampire mosquito is destroyed!
The blast of putrescent gases engulfs Orana!!
The blast of putrescent gases engulfs you!!!
The blast of putrescent gases engulfs the tyrant leech!!!
The blast of putrescent gases engulfs the bloated husk!!!
The bloated husk explodes!
The blast of putrescent gases engulfs you!!!
* * * LOW HITPOINT WARNING * * *
You feel yourself slow down.
The blast of putrescent gases engulfs Orana!!
The blast of putrescent gases engulfs the six-headed hydra!!!
Orana hits the tyrant leech with a +0 broad axe of flaming.
Orana burns the tyrant leech.
Orana hits the bloated husk with a +0 broad axe of flaming.
Orana burns the bloated husk.
The tyrant leech misses Orana.
Orana barely misses the tyrant leech.
Orana hits the bloated husk with a +0 broad axe of flaming.
Orana burns the bloated husk.
The bloated husk explodes!
The blast of putrescent gases engulfs you!!!
You die...

≈≈.≈ ♣..♣♣ .≈≈.
♣♣≈.. .... ♣≈.♣
♣♣≈.♣♣
♣.♣♣♣♣≈D≈≈♣♣♣.≈♣.
......≈<@n.≈$...≈
.....≈≈R<≈.......
♣♣.♣≈♣≈≈w≈♣♣♣♣≈♣≈
♣ ♣♣.[♣♣ ♣...
♣≈.≈ =≈.♣ ♣≈.♣
....


You could see the friendly Orana the knight, a six-headed hydra (distracted), a
tyrant leech (distracted, ally target) and a bloated husk.

Vanquished Creatures
  A cyclops (D:12)
  An ancient zyme (Lair:6)
  A water elemental (D:12)
  A shadow (D:11)
  A yak (D:8)
  4 wraiths
  2 steam dragons
  A water moccasin (Lair:3)
  An orc warrior (D:10)
  2 sky beasts (D:7)
  An ogre (D:7)
  A centaur (D:9)
  A kobold brigand (D:9)
  A bullfrog (Lair:2)
  2 scorpions
  3 nameless horrors
  2 jellies
  An orc wizard (D:8)
  A gnoll (D:8)
  An adder (D:5)
  An ufetubus (D:4)
  2 worms
  6 orcs
  3 ball pythons
  9 bats
  An endoplasm (D:1)
  3 goblins
  3 hobgoblins
  2 kobolds
  3 quokkas
  2 frilled lizards (D:3)
  An orc zombie (D:12)
  A rat (D:1)
66 creatures vanquished.

Vanquished Creatures (collateral kills)
  An orc warlord (Orc:1)
  The ghost of Banquo the Severer, a journeyman MeFi of Okawaru (Orc:1)
  A war gargoyle (D:11)
  Nessos (Orc:2)
  An eleionoma (Swamp:1)
  Josephine (Lair:5)
  2 boulder beetles
  Fannar (Orc:1)
  8 hydras
  8 vault guards (D:13)
  2 centaur warriors (D:13)
  A catoblepas (Lair:4)
  Erica (Lair:1)
  2 alligators (Swamp:1)
  5 two-headed ogres
  3 death yaks (Lair:2)
  2 thrashing horrors (Lair:6)
  4 orc high priests
  2 nameless horrors
  A goliath frog (Swamp:1)
  4 orc knights (Orc:2)
  A large abomination (Lair:6)
  A deep elf pyromancer (D:13)
  3 ugly things (Lair:6)
  4 orc sorcerers
  A manticore (D:12)
  2 cyclopes (D:13)
  9 elephants
  An eye of devastation (Lair:6)
  3 black mambas
  11 cane toads
  2 gargoyles
  3 smoke demons (Lair:6)
  4 rime drakes
  2 kobold demonologists
  3 unseen horrors
  14 komodo dragons
  An efreet (D:12)
  An ancient zyme (Lair:6)
  4 polar bears
  6 trolls
  2 tyrant leeches (Swamp:1)
  18 blink frogs
  3 hornets (Swamp:1)
  2 raiju (shapeshifter) (Lair:6)
  4 spriggans
  A vampire (D:11)
  50 yaks
  3 shadows
  A water elemental (D:11)
  7 wraiths
  4 wyverns
  A steam dragon (D:8)
  6 basilisks
  4 vampire mosquitoes
  2 chaos spawn (Lair:6)
  11 water moccasins
  3 wargs
  A swamp worm (Swamp:1)
  3 nagas (Lair:3)
  3 acid dragons
  Duvessa (D:7)
  A floating eye (Lair:6)
  18 orc warriors
  A swamp drake (Lair:3)
  2 sky beasts
  2 black bears
  An ice beast (D:7)
  4 ogres
  A centaur (D:12)
  12 small abominations (Lair:6)
  9 wolves
  A phantom (D:12)
  8 bullfrogs
  3 kobold brigands
  2 necrophages
  4 scorpions
  15 wights
  A troll zombie (D:12)
  Dowan (D:7)
  A killer bee (D:9)
  2 vampire bats (Lair:3)
  2 howler monkeys
  2 electric eels (D:11)
  A lava snake (D:11)
  10 hounds
  15 orc priests
  5 iguanas
  18 orc wizards
  11 hell rats
  5 ogre zombies (D:12)
  2 gnolls (D:8)
  6 adders
  A worm (D:2)
  43 orcs
  6 ball pythons
  3 endoplasms
  3 giant cockroaches
  6 goblins
  2 hobgoblins
  4 jackals
  16 kobolds
  3 quokkas
  8 bats
  4 frilled lizards
  A goblin skeleton (D:12)
  3 goblin zombies (D:12)
  A hobgoblin skeleton (D:12)
  A hobgoblin zombie (D:12)
  An orc skeleton (D:12)
  11 orc zombies (D:12)
  A rat (D:1)
  A butterfly (Lair:5)
543 creatures vanquished.

Vanquished Creatures (others)
  4 bloated husks
  A troll (Orc:1)
  A vampire mosquito (Swamp:2)
  3 ancestors (D:9)
  6 knights
  8 fungi
  28 plants
51 creatures vanquished.

Grand Total: 660 creatures vanquished

Notes
Turn   | Place    | Note
-------+----------+-------------------------------------------
     0 | D:1      | Bruhh the Barachi Summoner began the quest for the Orb.
     0 | D:1      | Reached XP level 1. HP: 13/13 MP: 3/3
   310 | D:1      | Reached skill level 5 in Summonings
   707 | D:1      | Reached XP level 2. HP: 9/19 MP: 1/5
  1855 | D:2      | Learned a level 2 spell: Call Imp
  1979 | D:2      | Reached XP level 3. HP: 11/20 MP: 4/7
  2261 | D:2      | Reached XP level 4. HP: 24/30 MP: 3/9
  2413 | D:2      | Found a faded altar of an unknown god.
  2753 | D:2      | Reached skill level 6 in Summonings
  3044 | D:3      | Learned a level 3 spell: Call Canine Familiar
  3331 | D:3      | Reached XP level 5. HP: 35/35 MP: 4/10
  3862 | D:3      | Found Fiaph's Assorted Antiques.
  4486 | D:4      | Reached skill level 7 in Summonings
  4486 | D:4      | Reached XP level 6. HP: 38/41 MP: 8/13
  4793 | D:4      | Found a basalt altar of Yredelemnul.
  5119 | D:5      | Entered Level 5 of the Dungeon
  5120 | D:5      | Found a runed translucent gate.
  5130 | D:5      | Found a runed translucent gate.
  5133 | D:5      | Found a runed translucent gate.
  5138 | D:5      | Noticed shaman420's ghost (novice OpHu)
  5146 | D:5      | Reached skill level 5 in Spellcasting
  5528 | D:5      | Reached XP level 7. HP: 35/46 MP: 10/15
  5766 | D:5      | Reached skill level 8 in Summonings
  5924 | D:5      | Reached skill level 1 in Air Magic
  6619 | D:5      | Learned a level 4 spell: Summon Lightning Spire
  6743 | D:6      | Reached XP level 8. HP: 39/52 MP: 8/18
  7728 | D:6      | Reached skill level 1 in Fighting
  7992 | D:6      | You fall into a shaft and drop 2 floors!
  8180 | D:7      | Reached skill level 5 in Fighting
  8180 | D:7      | Reached XP level 9. HP: 68/68 MP: 12/21
  8231 | D:7      | Noticed Duvessa
  8231 | D:7      | Noticed Dowan
  8582 | D:7      | Killed Duvessa
  8585 | D:7      | Killed Dowan
  8802 | D:7      | Found a staircase to the Ecumenical Temple.
  8835 | Temple   | Entered the Ecumenical Temple
  8935 | Temple   | Became a worshipper of Hepliaklqana the Forgotten
 10152 | D:8      | Reached skill level 1 in Shields
 10212 | D:8      | Found a bloodstained altar of Trog.
 10234 | D:8      | Noticed a two-headed ogre
 10328 | D:8      | Found a sparkling altar of Nemelex Xobeh.
 10330 | D:8      | Identified a scroll of acquirement
 10330 | D:8      | Acquired the Reference Book on Supportive Intoxication
 10348 | D:8      | Learned a level 4 spell: Summon Ice Beast
 10412 | D:8      | Reached skill level 10 in Fighting
 10564 | D:8      | Reached skill level 9 in Summonings
 10564 | D:8      | Reached XP level 10. HP: 55/85 MP: 4/22
 10755 | D:8      | Reached skill level 10 in Summonings
 10780 | D:8      | Killed a two-headed ogre
 10886 | D:8      | Found a runed translucent door.
 10898 | D:8      | Noticed a flayed ghost
 10910 | D:8      | Reached skill level 11 in Summonings
 10937 | D:8      | Reached skill level 12 in Summonings
 11131 | D:8      | Found a broken altar of Ashenzari.
 11145 | D:8      | Found a broken altar of Ashenzari.
 11152 | D:8      | Found a broken altar of Ashenzari.
 11191 | D:8      | Found a hazy altar of Hepliaklqana.
 11643 | D:9      | Reached * piety under Hepliaklqana
 11650 | D:9      | Found a runed translucent gate.
 11660 | D:9      | Found a runed translucent gate.
 11660 | D:9      | Found a runed translucent gate.
 11785 | D:9      | Noticed a two-headed ogre
 11786 | D:9      | Noticed a two-headed ogre
 11817 | D:9      | Killed a two-headed ogre
 11817 | D:9      | Killed a two-headed ogre
 11818 | D:9      | Reached skill level 14 in Summonings
 11818 | D:9      | Reached XP level 11. HP: 16/81 MP: 9/23
 12515 | D:8      | Learned a level 7 spell: Monstrous Menagerie
 12762 | D:9      | Noticed blade888's ghost (journeyman OpIE)
 12814 | D:9      | Noticed a two-headed ogre
 12820 | D:9      | Killed a two-headed ogre
 12862 | D:9      | Noticed a two-headed ogre
 12888 | D:9      | Killed a two-headed ogre
 12889 | D:9      | Reached skill level 15 in Summonings
 13393 | D:10     | Entered Level 10 of the Dungeon
 13613 | D:10     | Reached ** piety under Hepliaklqana
 13746 | D:10     | Remembered your ancestor Orana as a knight
 13791 | D:10     | Reached skill level 16 in Summonings
 14213 | D:11     | Noticed a war gargoyle
 14286 | D:11     | Reached skill level 17 in Summonings
 14340 | D:11     | Found a staircase to the Lair.
 14368 | D:11     | Noticed a nameless horror
 14437 | D:11     | HP: 4/81 [war gargoyle/spray of metal splinters (29)]
 14445 | D:11     | Killed a war gargoyle
 14643 | D:11     | Reached XP level 12. HP: 87/87 MP: 24/24
 14714 | D:11     | Killed a nameless horror
 14856 | D:11     | Noticed a six-headed hydra
 15157 | D:11     | Reached skill level 18 in Summonings
 15334 | Lair:1   | Entered Level 1 of the Lair of Beasts
 15378 | Lair:1   | Noticed Erica
 15388 | Lair:1   | Killed Erica
 15652 | Lair:1   | Reached *** piety under Hepliaklqana
 15847 | Lair:1   | Reached skill level 10 in Spellcasting
 16408 | Lair:2   | Learned a level 5 spell: Summon Mana Viper
 16650 | Lair:2   | Reached skill level 19 in Summonings
 16650 | Lair:2   | Gained mutation: You can hop long distances. [Barachi
                  | growth]
 16650 | Lair:2   | Reached XP level 13. HP: 92/92 MP: 28/28
 17214 | Lair:2   | Reached **** piety under Hepliaklqana
 17217 | Lair:2   | Got the Guide on Transmutation
 17694 | Lair:3   | Identified the +1 leather armour "Deri" {Will+}
 17752 | Lair:3   | Reached skill level 1 in Armour
 17755 | Lair:3   | Reached skill level 1 in Invocations
 18312 | Lair:3   | Found a staircase to the Swamp.
 18492 | Lair:3   | Found a staircase to the Snake Pit.
 19136 | Lair:3   | Learned a level 8 spell: Summon Horrible Things
 19554 | Lair:4   | Reached skill level 5 in Armour
 20054 | Lair:4   | Reached ***** piety under Hepliaklqana
 20911 | Lair:5   | Reached skill level 5 in Invocations
 21112 | Lair:5   | Noticed Josephine
 21120 | Lair:5   | Killed Josephine
 21217 | Lair:5   | Noticed Meag's ghost (journeyman DjFE)
 21223 | Lair:5   | Found a runed translucent gate.
 21223 | Lair:5   | Found a runed translucent gate.
 21223 | Lair:5   | Found a runed translucent gate.
 21312 | Lair:5   | Reached XP level 14. HP: 99/99 MP: 25/30
 21667 | Lair:6   | Entered Level 6 of the Lair of Beasts
 21752 | Lair:6   | Found a runed translucent door.
 21752 | Lair:6   | Identified the +6 spear "Xerer" {drain, *Slow Fly rElec
                  | Int+2}
 21755 | Lair:6   | Noticed Bruhh's ghost (journeyman BaSu)
 22327 | Lair:6   | Found a staircase to the Slime Pits.
 23256 | Lair:6   | Reached skill level 10 in Armour
 23269 | Lair:6   | Reached skill level 20 in Summonings
 23512 | Lair:6   | Found a corrupted altar of Lugonu.
 23512 | Lair:6   | Found a one-way gate to the infinite horrors of the Abyss.
 24329 | D:12     | Found a staircase to the Orcish Mines.
 25084 | D:12     | Found Raymis's Overcharged Wands.
 25540 | D:12     | Reached skill level 21 in Summonings
 26257 | D:13     | Reached XP level 15. HP: 32/103 MP: 15/31
 26360 | D:13     | Found a gate to the Vaults.
 26930 | Orc:1    | Entered Level 1 of the Orcish Mines
 26942 | Orc:1    | Noticed Fannar
 26952 | Orc:1    | Killed Fannar
 26971 | Orc:1    | Noticed an orc warlord
 26997 | Orc:1    | Killed an orc warlord
 27422 | Orc:1    | Found a runed translucent door.
 27422 | Orc:1    | Noticed Banquo's ghost (journeyman MeFi)
 27627 | Orc:2    | Entered Level 2 of the Orcish Mines
 27697 | Orc:2    | Found a staircase to the Elven Halls.
 28120 | Orc:2    | Noticed Nessos
 28122 | Orc:2    | Killed Nessos
 28491 | Orc:2    | Reached ****** piety under Hepliaklqana
 28690 | Orc:2    | Found Pastrywal's Magic Scroll Emporium.
 28690 | Orc:2    | Found Kuneq's Jewellery Boutique.
 28694 | Orc:2    | Found Asinnias's Armour Boutique.
 28694 | Orc:2    | Found Jih Fouz's Magic Scroll Emporium.
 28712 | Orc:2    | Bought a scroll of teleportation for 42 gold pieces
 28712 | Orc:2    | Bought a scroll of fear for 49 gold pieces
 28712 | Orc:2    | Bought a scroll of fear for 49 gold pieces
 28739 | Orc:2    | Bought the ring of Kias Tut {*Slow rC+ Str+6 Int+4 Stlth+}
                  | for 1093 gold pieces
 29056 | Orc:1    | Killed Banquo's ghost
 29292 | Swamp:1  | Entered Level 1 of the Swamp
 30173 | Swamp:2  | Killed by an exploding bloated husk

Illustrated notes

Levels and vault maps discovered:
D:1:      tarquinn_simple_flora_water_d, layout_basic
D:2:      layout_rooms, hellmonk_ecumenical_altar_run_dry, serial_curves,
          eino_curves_03, eino_curves_01, eino_curves_01, grunt_ministairs_9,
          kennysheep_generic_room_2
D:3:      layout_loops_ring, serial_shops, nicolae_shop_overgrown_old_shop,
          minmay_misc_feat_room, patterned_corridor
D:4:      layout_cave_pods, yredelemnul_altar_generic
D:5:      layout_loops_ring, serial_rivers, chequers_serial_rivers_room_a,
          chequers_serial_rivers_large_a, chequers_serial_rivers_room_b,
          chequers_serial_rivers_small_b, ebering_ghost_rock_garden,
          kennysheep_path_1
D:6:      layout_basic
D:7:      layout_rooms, minmay_temple_entry_large_hall, minivault_5,
          uniq_duvessa
D:8:      due_megacathedral, layout_cave_pods
D:9:      minmay_angry_zag, layout_basic, gammafunk_ghost_icy
D:10:     layout_basic
D:11:     layout_rooms, erik_lair_island, kennysheep_island_fort
D:12:     layout_roguey, zombieorc1_lemuel, minivault_4,
          minmay_misc_feat_hallway, roderic_lattice_a,
          nicolae_shop_overcharged_wands
D:13:     layout_rooms, erik_vaults_2
Temple:   mainiacjoe_temple_hex_bubbles
Lair:1:   layout_gridlike, nicolae_lair_grazing_beasts
          [nicolae_sub_lair_graze_edge, nicolae_sub_lair_graze_edge,
          nicolae_sub_lair_graze_edge, nicolae_sub_lair_graze_edge], uniq_erica
Lair:2:   layout_regular_city, grunt_megastairs_1
Lair:3:   layout_gridlike, minmay_swamp_entry_reptiles,
          minmay_snake_entry_guardpost_medium, roderic_batcave,
          nzn_sisyphean_effort
Lair:4:   layout_layer_cave, grunt_megastairs_5
Lair:5:   layout_misc_corridors, gammafunk_ghost_split, lemuel_fruit_tree,
          lemuel_fruit_fields, uniq_josephine
Lair:6:   hellmonk_lair_end_abyssal_woods, layout_hall_layers,
          minmay_slime_entry_eyes, ebering_ghost_funeral_grove
Swamp:1:  nicolae_swamp_long_stream, layout_basic_swamp,
          evilmike_swamp_ruin_wall
Swamp:2:  nicolae_swamp_husk_halls, layout_basic_swamp,
          nicolae_swamp_feature_on_the_river_bank, swamp_pool5,
          nicolae_swamp_spriggan_camp
Orc:1:    layout_caves, basic_altar, ebering_ghost_inner_flame,
          nicolae_orc_lava_room, uniq_fannar
Orc:2:    grunt_orc_tribal_feast, layout_caves, uniq_nessos

Skill      XL: |  1  2  3  4  5  6  7  8  9 10 11 12 13 14 15 |
---------------+----------------------------------------------+-----
Summonings     | 5 6 7 8 9 14 17 19 21 | 21.8
Spellcasting   | 3 4 5 6 8 11 12 14 | 14.9
Air Magic      | 3 4 |  4.0
Fighting       | 5 10 | 10.0
Shields        | 2 |  2.1
Armour         | 7 10 | 10.0
Invocations    | 5 7 |  7.0
Dodging        | |  2.1
Stealth        | |  1.7

Action                   |  1- 3 |  4- 6 |  7- 9 | 10-12 | 13-15 || total
-------------------------+-------+-------+-------+-------+-------++-------
Melee: Unarmed           |    18 |       |       |       |       ||    18
       Punch             |     1 |       |       |     2 |       ||     3
       Trident           |    27 |    76 |    77 |   111 |   115 ||   406
       Staff             |     1 |       |       |       |       ||     1
       Spear             |       |       |    36 |       |       ||    36
 Cast: Summon Small Mamm |    47 |    50 |    20 |     2 |       ||   119
       Call Imp          |     1 |     9 |    12 |       |       ||    22
       Call Canine Famil |       |    12 |    34 |    16 |     1 ||    63
       Summon Lightning  |       |       |    26 |     9 |     1 ||    36
       Summon Ice Beast  |       |       |     7 |    35 |     6 ||    48
       Monstrous Menager |       |       |       |    27 |   217 ||   244
       Summon Mana Viper |       |       |       |     2 |    23 ||    25
       Summon Horrible T |       |       |       |       |    10 ||    10
Invok: Recall Ancestor   |       |       |       |     1 |       ||     1
       Ancestor Life: Kn |       |       |       |     1 |       ||     1
       Ancestor Identity |       |       |       |     1 |       ||     1
       Idealise          |       |       |       |       |     1 ||     1
 Abil: Hop               |       |     1 |     4 |     6 |     2 ||    13
Evoke: Wand              |       |       |     3 |     2 |       ||     5
  Use: Scroll            |       |       |    23 |     2 |     8 ||    33
       Potion            |       |       |     3 |     4 |       ||     7
 Stab: Sleeping          |       |     1 |     1 |       |       ||     2
       Distracted        |       |       |     1 |     5 |     7 ||    13
       Paralysed         |       |       |     2 |       |       ||     2
Armor: Robe              |     4 |    15 |    40 |     1 |       ||    60
       Steam dragon scal |       |       |       |    19 |       ||    19
       Troll leather arm |       |       |       |    26 |    31 ||    57
Dodge: Dodged            |    26 |    63 |   106 |    56 |    69 ||   320
Block: Buckler           |       |       |       |    39 |   111 ||   150
       Reflection        |       |       |       |     5 |     9 ||    14

Table legend: (Time is in decaauts)
 A = Elapsed time spent in this place.
 B = Non-inter-level travel time spent in this place.
 C = Inter-level travel time spent in this place.
 D = Time resting spent in this place.
 E = Time spent auto-exploring this place.
 F = Levels seen in this place.
 G = Mean time per level.
                   A        B        C        D        E       F      G
               +--------+--------+--------+--------+--------+-----+--------+
         Total |  33309 |  32002 |   1307 |   1074 |  25640 |  24 | 1387.9 |
       Dungeon |  20135 |  19365 |    770 |    956 |  15076 |  13 | 1548.8 |
        Temple |    158 |    106 |     52 |      0 |    100 |   1 |  158.0 |
          Lair |   9582 |   9200 |    382 |    118 |   7754 |   6 | 1597.0 |
         Swamp |    957 |    948 |      9 |      0 |    801 |   2 |  478.5 |
  Orcish Mines |   2476 |   2384 |     92 |      0 |   1907 |   2 | 1238.0 |
               +--------+--------+--------+--------+--------+-----+--------+

Top non-repeatable levels by time:
     D:8: 3000 daAuts
  Lair:6: 2361 daAuts
    D:12: 2143 daAuts
     D:1: 1992 daAuts
  Lair:4: 1768 daAuts
     D:5: 1694 daAuts
     D:6: 1674 daAuts
  Lair:3: 1641 daAuts
  Lair:2: 1542 daAuts
     D:7: 1387 daAuts
   Orc:2: 1375 daAuts
     D:3: 1271 daAuts
     D:2: 1265 daAuts
     D:9: 1204 daAuts
  Lair:1: 1176 daAuts
